AoeStats
← 17_Neo_

Arabia

510123262Analyzed
1v1 RM · 4d ago on Sep 29, 2026· 53m 46s· 2 players
Game mode
Random Map
Map size
Tiny (2 player)
Population
200
Speed
Normal
Resources
Standard
Victory
Conquest
Starting age
Dark Age
Ending age
Imperial Age
RankedLock teamsTeams togetherTeam positionsShared explorationLock speedFull tech treeHidden civsTurbo modeCheats
Victory
Defeat
🇨🇴 Maya · Colombia
1717
+14
🇦🇷 Chinese · Argentina
1667
-14
onlyAztecsinArabia
0:27 Loom
8:57 Feudal Age
9:27 Double-Bit Axe
9:27 Horse Collar
20:00 Castle Age
18:27 Fletching
19:02 Padded Archer Armor
19:19 Gold Mining
20:54 Bow Saw
20:45 Heavy Plow
21:40 Bodkin Arrow
21:08 Elite Skirmisher
27:25 Wheelbarrow
28:24 Gold Shaft Mining
28:55 Leather Archer Armor
30:01 Wheelbarrow
29:58 Stone Mining
29:54 Town Watch
30:40 Bloodlines
36:23 Imperial Age
37:07 Bracer
38:42 Chemistry
39:44 Ring Archer Armor
40:18 Conscription
41:03 Thumb Ring
42:48 Great Wall
43:31 Scale Mail Armor
43:37 Scale Barding Armor
44:09 Forging
45:23 Bloodlines
45:14 Husbandry
44:34 Light Cavalry
45:39 Chain Barding Armor
47:55 Hand Cart
47:16 Cavalier
52:44 Plate Barding Armor
17_Neo_
0:27 Loom
9:25 Feudal Age
10:13 Double-Bit Axe
10:17 Horse Collar
11:51 Fletching
19:55 Castle Age
18:31 Gold Mining
20:52 Bodkin Arrow
21:41 Padded Archer Armor
23:42 Thumb Ring
25:15 Leather Archer Armor
25:00 Town Watch
28:16 Ballistics
29:10 Bow Saw
28:31 Eagle Warrior
29:13 Scale Mail Armor
30:22 Chain Mail Armor
32:33 Forging
36:41 Squires
40:01 Elite Skirmisher
43:03 Wheelbarrow
47:01 Imperial Age
45:18 Hand Cart
45:04 Heavy Plow
46:01 Hul'che Javelineers
46:20 Crossbowman
47:42 Bracer
48:43 Chemistry
48:09 Conscription
48:34 Ring Archer Armor
47:54 Arbalester
49:30 Iron Casting
50:00 Plate Mail Armor
49:56 Pikeman
50:48 Halberdier
54:15 Blast Furnace
Connection lost

Rejoining the realm…

Still unreachable

The connection could not be restored.

Session expired

The server has moved on; the page needs a fresh start.